 Dungeon Crawl Stone Soup version 0.27-a0-1065-ge809cff456 (webtiles) character file.

Game seed: 7266195144272228825

217 tardwrangler69 the Chopper (level 6, -8/50 HPs)
             Began as a Formicid Fighter on Apr 23, 2021.
             Mangled by a gnoll
             ... wielding a +0 halberd
              (13 damage)
             ... on level 4 of the Dungeon.
             The game lasted 00:01:44 (2542 turns).

tardwrangler69 the Chopper (Formicid Fighter)       Turns: 2542, Time: 00:01:45

Health: -8/50      AC:  6    Str: 22    XL:     6   Next: 16%
Magic:  6/6        EV:  8    Int:  8    God:
Gold:   133        SH:  9    Dex: 10    Spells: 5/5 levels left

rFire    . . .     SeeInvis +   a - +0 war axe
rCold    . . .     Faith    .   c - +0 kite shield
rNeg     . . .     Spirit   .   b - +0 scale mail
rPois    .         Reflect  .   (helmet unavailable)
rElec    .         Harm     .   (no cloak)
rCorr    .         Rampage  .   (no gloves)
Will     .....                  (no boots)
Stlth    ..........             (no amulet)
HPRegen  0.16/turn              (no ring)
MPRegen  0.10/turn              (no ring)

@: no status effects
A: permanent stasis, dig shafts and tunnels, antennae 3, four strong arms
a: Dig, Shaft Self


You were on level 4 of the Dungeon.
You visited 1 branch of the dungeon, and saw 4 of its levels.

You collected 133 gold pieces.

Inventory:

Hand Weapons
 a - a +0 war axe (weapon)
Armour
 b - a +0 scale mail (worn)
 c - a +0 kite shield (worn)
Wands
 m - a wand of iceblast (3)
Scrolls
 e - a scroll of identify {unknown}
 f - a scroll of magic mapping {unknown}
 g - a scroll of holy word {unknown}
 l - a scroll of amnesia {unknown}
Potions
 d - a potion of resistance {unknown}
 h - a potion of degeneration {unknown}
 i - a potion of heal wounds {unknown}
 j - 2 potions of curing {unknown}
 k - a potion of brilliance {unknown}


   Skills:
 + Level 4.8 Fighting
 * Level 5.0 Axes
 - Level 3.2 Armour
 - Level 3.6 Shields


You had 5 spell levels left.
You didn't know any spells.
Your spell library was empty.

Dungeon Overview and Level Annotations

Branches:
Dungeon (4/15)
 Temple: D:4-7

Altars:
Trog


Innate Abilities, Weirdness & Mutations

You cannot be hasted, slowed, berserked, paralysed or teleported.
You can dig through walls and to a lower floor.
You have a pair of large antennae on your head. (SInv)
Your four strong arms can wield two-handed weapons with a shield.


Message History

You hit the gnoll shaman but do no damage.
The gnoll shaman is severely wounded.
The gnoll shaman hits you but does no damage.
You slash the gnoll shaman!
You kill the gnoll shaman!
Your Axes skill increases to level 5!
You have reached level 6!
Your experience leads to an increase in your attributes!
Increase (S)trength, (I)ntelligence, or (D)exterity?
You feel stronger.
You slash the gnoll!
You kill the gnoll!
The gnoll closely misses you.
The gnoll hits you from afar with a +0 halberd.
The gnoll closely misses you. The gnoll barely misses you.
Things that are here:
a +0 whip; a +0 club; a +0 robe You hit the gnoll.
The gnoll is moderately wounded.
You block the gnoll's attack. The gnoll hits you with a +0 halberd!
You block the gnoll's attack.
You hit the gnoll but do no damage.
The gnoll is moderately wounded.
You block the gnoll's attack. The gnoll hits you with a +0 halberd!
The gnoll barely misses you.
The gnoll hits you from afar with a +0 halberd.
The gnoll hits you with a +0 halberd!
* * * LOW HITPOINT WARNING * * *
The gnoll hits you from afar with a +0 halberd.
* * * LOW HITPOINT WARNING * * *
You are too injured to fight recklessly!
You are too injured to fight recklessly!
You are too injured to fight recklessly!
You are too injured to fight recklessly!
You are too injured to fight recklessly!
You are too injured to fight recklessly!
You are too injured to fight recklessly!
You are too injured to fight recklessly!
The gnoll hits you from afar with a +0 halberd!
You die...

#.#..#.#### #.#>.......
..# # ###.#.....# ...#
.# #<.......#### #..##.#
#######........ .!....
{........####### #....
#######.# #..#####
#######.#########g......
..............@)gg..##
#######.#########g...#
### #........ #....####
#.g...# #...#.# #.......
#...gg### .......


You could see 4 gnolls.

Vanquished Creatures
  An ice beast (D:3)
  A gnoll shaman (D:4)
  A gnoll (D:4)
  2 adders
  2 worms
  2 dart slugs (D:1)
  A bat (D:3)
  9 endoplasms
  2 giant cockroaches (D:1)
  3 goblins (D:3)
  6 hobgoblins
  3 jackals (D:3)
  6 quokkas
  2 ball pythons
  A frilled lizard (D:3)
  7 kobolds
  8 rats
57 creatures vanquished.

Notes
Turn   | Place    | Note
-------+----------+-------------------------------------------
     0 | D:1      | tardwrangler69 the Formicid Fighter began the quest for the
                  | Orb.
     0 | D:1      | Reached XP level 1. HP: 18/18 MP: 1/1
   307 | D:1      | Reached XP level 2. HP: 24/24 MP: 2/2
   698 | D:1      | Reached XP level 3. HP: 29/30 MP: 3/3
   820 | D:1      | Reached skill level 3 in Axes
  1522 | D:2      | Reached XP level 4. HP: 26/37 MP: 4/4
  1738 | D:2      | Found a faded altar of an unknown god.
  1852 | D:3      | Noticed an ice beast
  1993 | D:3      | Killed an ice beast
  1994 | D:3      | Reached skill level 4 in Axes
  1994 | D:3      | Reached XP level 5. HP: 43/43 MP: 5/5
  2085 | D:3      | Found a bloodstained altar of Trog.
  2538 | D:4      | Reached skill level 5 in Axes
  2538 | D:4      | Reached XP level 6. HP: 43/49 MP: 6/6
  2542 | D:4      | Mangled by a gnoll

Illustrated notes

Levels and vault maps discovered:
D:1:      minmay_arrival_four_houses, layout_basic
D:2:      layout_basic, hellmonk_ecumenical_altar_heavens_door
D:3:      layout_rooms, lemuel_coloured_pillars_altar
D:4:      layout_basic, uniq_robin

Skill      XL: |  1  2  3  4  5 |
---------------+----------------+-----
Axes           | 3 4 5 |  5.0
Fighting       | 4 |  4.8
Armour         | |  3.2
Shields        | |  3.6

Action                   |  1- 3 |  4- 6 || total
-------------------------+-------+-------++-------
Melee: War axe           |    91 |    67 ||   158
  Use: Potion            |       |     1 ||     1
Armor: Scale mail        |    32 |    30 ||    62
Dodge: Dodged            |    30 |    21 ||    51
Block: Kite shield       |    49 |    34 ||    83

Table legend: (Time is in decaauts)
 A = Elapsed time spent in this place.
 B = Non-inter-level travel time spent in this place.
 C = Inter-level travel time spent in this place.
 D = Time resting spent in this place.
 E = Time spent auto-exploring this place.
 F = Levels seen in this place.
 G = Mean time per level.
                   A        B        C        D        E       F      G
               +--------+--------+--------+--------+--------+-----+--------+
         Total |   2623 |   2535 |     88 |      0 |   2122 |   4 |  655.8 |
       Dungeon |   2623 |   2535 |     88 |      0 |   2122 |   4 |  655.8 |
               +--------+--------+--------+--------+--------+-----+--------+

Top non-repeatable levels by time:
     D:1: 1046 daAuts
     D:2: 871 daAuts
     D:3: 660 daAuts
     D:4: 44 daAuts
